 Dungeon Crawl Stone Soup version 0.31.0-11-ge490571c62 (webtiles) character file.

Game seed: 1543436482151907570

242 qw the Shooter (level 5, 0/25 HPs)
             Began as a Spriggan Hunter on Feb 3, 2024.
             Slain by Terence
             ... wielding a +0 falchion of electrocution
              (10 damage)
             ... on level 2 of the Dungeon.
             The game lasted 00:00:03 (928 turns).

qw the Shooter (Spriggan Hunter)                     Turns: 928, Time: 00:00:05

Health: 0/25       AC:  2    Str: 12    XL:     5   Next: 81%
Magic:  6/6        EV: 20    Int: 11    God:
Gold:   41         SH:  0    Dex: 22    Spells: 4/4 levels left

rFire   . . .        a - +0 shortbow
rCold   . . .        (shield currently unavailable)
rNeg    . . .        c - +0 robe
rPois   .            (helmet restricted)
rElec   .            (no cloak)
rCorr   .            (gloves unavailable)
SInv    +            (boots unavailable)
Will    .....        b - amulet of Dukhig {Faith Str+5 Dex+2}
Stlth   ++           (no ring)
HPRegen 0.24/turn    (no ring)
MPRegen 0.10/turn

%: faith
@: very quick
A: very small, no large weapons, unfitting armour, see invisible, speed 3
a: no special abilities


You were on level 2 of the Dungeon.
You visited 1 branch of the dungeon, and saw 2 of its levels.

You collected 41 gold pieces.


Innate Abilities, Weirdness & Mutations

You are very small and have problems with some larger weapons.
You are too small for most types of armour.
You have supernaturally acute eyesight. (SInv)
You cover ground extremely quickly. (Speed+++)


   Skills:
 + Level 1.5 Fighting
 - Level 6.3 Ranged Weapons
 - Level 5.0 Dodging
 - Level 1.5 Stealth


You had 4 spell levels left.
You didn't know any spells.
Your spell library was empty.

Inventory:

Hand Weapons
 a - a +0 shortbow (weapon)
Armour
 c - a +0 robe (worn)
Jewellery
 b - the amulet of Dukhig (around neck) {Faith Str+5 Dex+2}
   (You acquired it on level 1 of the Dungeon)

   [amulet of faith]

   Faith:     It allows you to gain divine favour quickly.
   Str+5:     It affects your strength (+5).
   Dex+2:     It affects your dexterity (+2).
Potions
 f - a potion of cancellation

Dungeon Overview and Level Annotations

Branches:
Dungeon (2/15)

Altars:

Annotations:
D:2 Terence


Message History

865 ||| STAIRDANCE You climb upwards.
There is a stone staircase leading down here.
You start resting.
HP restored.
Done exploring.
916 ||| READING scroll of identify.
916 ||| IDENTIFYING scroll labelled IDURUE MOEBORA
As you read the scroll of identify, it crumbles to dust.
b - a scroll of acquirement
917 ||| READING scroll of acquirement.
917 ||| ACQUIRING amulet of Dukhig {Faith Str+5 Dex+2} Something appears at your feet!
b - the amulet of Dukhig {Faith Str+5 Dex+2}
919 ||| UPGRADING to amulet of Dukhig {Faith Str+5 Dex+2}.
You start putting on your amulet.
You continue putting on the amulet of Dukhig {Faith Str+5 Dex+2}. x5
You finish putting on the amulet of Dukhig {Faith Str+5 Dex+2}.
You feel a strange surge of divine interest.
You feel stronger.
You feel agile.
b - the amulet of Dukhig (around neck) {Faith Str+5 Dex+2} Done exploring.
What level of the Dungeon? (default 2, ? - help)
You climb downwards.
Level annotation: Terence Terence hits you with a +0 falchion of electrocution.
You are electrocuted!
Ouch! That really hurt!
Terence closely misses you.
There is a stone staircase leading up here.
You shoot an arrow. The arrow hits Terence.
Terence is lightly wounded.
Terence completely misses you.
You shoot an arrow. The arrow hits Terence!
Terence is heavily wounded.
Terence completely misses you.
You shoot an arrow. The arrow closely misses Terence.
Terence hits you with a +0 falchion of electrocution!
You die...
Terence says, "Time to find some more victims."

,** #...####.##....#######.##.#
,* #........###...#######.##.##
,* #...###### #.##.#####.##..(##
,* ##.## #.###.###......... ,*
#.# #.# *#...#.##...## ,* ###.#
#.# *,,*#.*##.#.. ,*##...# #.#
*,,*...##.#)# .##..)### #@#
*,,,......... ........# #@#
*,**...#.....
###...#.########.####.#**,*####.#
##.##.)...@...!.......,,* #.#
#.*##)##...........##*** #.# *#.*
#.##)########### #.. *..* #@##.#
### *.#* #)##.# *,* #)##.# *,*
*#.##.#


You could see Terence.

Vanquished Creatures
  Sigmund (D:2)
  Jessica (D:2)
  Robin (D:2)
  6 endoplasms
  A giant cockroach (D:2)
  12 goblins
  7 hobgoblins
  3 kobolds (D:1)
  2 quokkas (D:1)
  2 ball pythons (D:1)
  4 frilled lizards (D:1)
  4 rats (D:1)
44 creatures vanquished.

Notes
Turn   | Place    | Note
-------+----------+-------------------------------------------
     0 | D:1      | qw the Spriggan Hunter began the quest for the Orb.
     0 | D:1      | Reached XP level 1. HP: 10/10 MP: 2/2
     0 | D:1      | 0 ||| qw: Version: 0.3-a-157-g843a77d
     0 | D:1      | 0 ||| qw: Game counter: 3580
     0 | D:1      | 0 ||| qw: Melee chars always use a shield: true
     0 | D:1      | 0 ||| qw: God list: Okawaru
     0 | D:1      | 0 ||| qw: Allow faded altars: false
     0 | D:1      | 0 ||| qw: Do Orc after clearing Dungeon:15 true
     0 | D:1      | 0 ||| qw: Do second Lair branch before Depths: true
     0 | D:1      | 0 ||| qw: Lair rune preference: random
     0 | D:1      | 0 ||| qw: Goals: Normal
     0 | D:1      | 0 ||| PLANNING D:1-11
    53 | D:1      | Reached skill level 3 in Dodging
   145 | D:1      | Reached XP level 2. HP: 14/14 MP: 3/3
   581 | D:1      | You fall into a shaft and drop 1 floor!
   589 | D:2      | Reached XP level 3. HP: 18/18 MP: 4/4
   602 | D:2      | Noticed Sigmund
   611 | D:2      | HP: 4/18 [Sigmund/+0 scythe (6)]
   614 | D:2      | Killed Sigmund
   615 | D:2      | Reached skill level 6 in Ranged Weapons
   615 | D:2      | Reached XP level 4. HP: 6/22 MP: 5/5
   615 | D:2      | Reached XP level 5. HP: 7/25 MP: 6/6
   715 | D:2      | 715 ||| READING 2 scrolls labelled SYINKIC YKOA.
   716 | D:2      | 716 ||| READING 2 scrolls labelled WYGGESOZOO.
   716 | D:2      | 716 ||| IDENTIFYING silvery potion
   717 | D:2      | 717 ||| DROPPING scroll of butterflies.
   718 | D:2      | 718 ||| DROPPING scroll of revelation.
   796 | D:2      | Noticed Jessica
   808 | D:2      | Killed Jessica
   827 | D:2      | Noticed Robin
   847 | D:2      | Noticed Terence
   849 | D:2      | Killed Robin
   850 | D:2      | 850 ||| FLEEEEING.
   851 | D:2      | 851 ||| FLEEEEING.
   852 | D:2      | 852 ||| FLEEEEING.
   855 | D:2      | 855 ||| FLEEEEING.
   856 | D:2      | 856 ||| FLEEEEING.
   857 | D:2      | 857 ||| FLEEEEING.
   858 | D:2      | 858 ||| FLEEEEING.
   859 | D:2      | 859 ||| FLEEEEING.
   860 | D:2      | 860 ||| FLEEEEING.
   861 | D:2      | 861 ||| FLEEEEING.
   865 | D:2      | 865 ||| STAIRDANCE
   916 | D:1      | 916 ||| READING scroll of identify.
   916 | D:1      | 916 ||| IDENTIFYING scroll labelled IDURUE MOEBORA
   916 | D:1      | Identified a scroll of acquirement
   917 | D:1      | 917 ||| READING scroll of acquirement.
   917 | D:1      | 917 ||| ACQUIRING amulet of Dukhig {Faith Str+5 Dex+2}
   917 | D:1      | Acquired the amulet of Dukhig {Faith Str+5 Dex+2}
   919 | D:1      | 919 ||| UPGRADING to amulet of Dukhig {Faith Str+5 Dex+2}.
   928 | D:2      | Slain by Terence

Levels and vault maps discovered:
D:1:      evilmike_arrival_fibonacci_small, layout_loops_ring
D:2:      cheibrodos_pilgrimage, layout_loops_ring,
          chequers_serial_rivers_small_3, uniq_sigmund, uniq_terence,
          uniq_jessica, uniq_robin

Skill      XL: |  1  2  3  4  5 |
---------------+----------------+-----
Dodging        | 3 4 5 |  5.0
Ranged Weapons | 6 |  6.3
Fighting       | |  1.5
Stealth        | |  1.5

Action                     |  1- 3 |  4- 6 || total
---------------------------+-------+-------++-------
   Fire: Shortbow          |    72 |    44 ||   116
    Use: Scroll            |       |     4 ||     4
 Armour: Robe              |     5 |     7 ||    12
  Dodge: Dodged            |    11 |    19 ||    30

Table legend:
 A = Non-vault XP
 B = Vault XP
 C = Vault XP percentage of total XP
 D = Non-vault monster count
 E = Vault monster count
 F = Vault count percentage of total count
                 A         B        C        D         E       F
            +---------+---------+-------+---------+---------+-------
      Total |      50 |     296 |  85.5 |      31 |      13 |  29.5
            +---------+---------+-------+---------+---------+-------
        D:1 |      40 |       0 |   0.0 |      26 |       0 |   0.0
        D:2 |      10 |     296 |  96.7 |       5 |      13 |  72.2
            +---------+---------+-------+---------+---------+-------
